[Event "Team 45 45 League T27"]
[Site "Internet Chess Club"]
[Date "2005.07.10"]
[Round "4"]
[White "orkid"]
[Black "vvsi"]
[Result "0-1"]
[WhiteElo "1789"]
[BlackElo "1878"]
[TimeControl "2700+45"]

1. e4 e5 2. Nf3 Nf6 3. Nc3 Bb4 4. Bc4 d6 5. d3 O-O 6. a3 Ba5 7. b4 Bb6 8. Bg5
Be6 9. Nd5 Nbd7 10. Nxb6 axb6 11. Bb3 Qe7 12. O-O Ra7 13. Nh4 h6 14. Bxf6 Qxf6
15. Qh5 Rfa8 16. a4 b5 17. Bxe6 fxe6 18. a5 b6 19. Nf3 bxa5 20. bxa5 Qf7 21. Qh4
Nf6 22. d4 exd4 23. e5 Nd5 24. Qxd4 Qf4 25. exd6 Qxd6 26. c4 bxc4 27. Qxc4 Rxa5
28. Rxa5 Rxa5 29. Re1 Ra8 30. g3 Re8 31. Nd4 Qb6 32. Rxe6 Rxe6 33. Qxd5 Qb1+ 34.
Kg2 Qe4+ 35. Qxe4 Rxe4 36. Nc6 Rc4 37. Ne5 Rc2 38. Kf1 g5 39. g4 Kg7 40. Nd3 Kf6
41. h3 c5 42. Ke1 c4 43. Nb4 Rc1+ 44. Kd2 Rh1 45. Nd5+ Ke5 46. Ne3 Rxh3 47.
Nxc4+ Kf4 48. Ne3 Kf3 49. Ke1 Rh2 50. Nf5 Kxg4 51. Nd4 Kf4 52. Kf1 Ke4 53. Ne2
h5 54. Kg1 Rh4 55. Kg2 Rg4+ 56. Kf1 Kd3 57. Ng3 h4 58. Nf5 h3 59. Ng3 Kd2 60.
Nh1 Ra4 61. Kg1 Ra1+ 62. Kh2 g4 63. Ng3 Ke1 64. f3 Ra2+ 65. Kg1 Rg2+ {White
resigns} 0-1

[Event "Team 45 45 League T27"]
[Site "Internet Chess Club"]
[Date "2005.07.08"]
[Round "4"]
[White "DynamoKyiv"]
[Black "jacknor"]
[Result "1-0"]
[WhiteElo "1574"]
[BlackElo "1624"]
[TimeControl "2700+45"]

1. e4 d6 2. d4 Nf6 3. Nc3 g6 4. f4 Bg7 5. Nf3 c6 6. Bd3 b5 7. O-O b4 8. Ne2 Bg4
9. h3 Bxf3 10. Rxf3 c5 11. Be3 Nfd7 12. Qe1 a5 13. Bb5 O-O 14. Rd1 Qb6 15. Bc4
Na6 16. Qh4 Rfe8 17. f5 Bf6 18. Qg4 Nf8 19. h4 h5 20. Qg3 cxd4 21. Nxd4 Nc5 22.
fxg6 Nfe6 23. gxf7+ Kxf7 24. Nxe6 {Black resigns} 1-0

[Event "Team 45 45 League T27"]
[Site "Internet Chess Club"]
[Date "2005.07.09"]
[Round "4"]
[White "GhostMate"]
[Black "Fegary"]
[Result "0-1"]
[WhiteElo "1693"]
[BlackElo "1626"]
[TimeControl "2700+45"]

1. e4 d6 2. d4 Nf6 3. f3 g6 4. Bc4 Bg7 5. Nc3 c6 6. Bg5 b5 7. Bd3 a5 8. e5 dxe5
9. dxe5 Nd5 10. Nxd5 Qxd5 11. Be4 Qxe5 12. Qd2 Qxb2 13. Rd1 Bc3 {White resigns}
0-1

[Event "Team 45 45 League T27"]
[Site "Internet Chess Club"]
[Date "2005.07.10"]
[Round "4"]
[White "gartman"]
[Black "chicopee-ed"]
[Result "1/2-1/2"]
[WhiteElo "1637"]
[BlackElo "1563"]
[TimeControl "2700+45"]

1. e4 e6 2. d4 d5 3. Nc3 dxe4 4. Nxe4 Bd7 5. Nf3 Bc6 6. Bd3 Nd7 7. Qe2 Ngf6 8.
Ng3 Be7 9. Bd2 O-O 10. O-O-O Nd5 11. c4 Nb4 12. Bb1 a5 13. a3 Ba4 14. Rde1 Nc6
15. Qd3 Nf6 16. Nh5 g6 17. Ng3 Qb8 18. h4 b5 19. c5 b4 20. h5 Bb5 21. Qc2 bxa3
22. bxa3 Qb7 23. hxg6 fxg6 24. Bg5 Rab8 25. Bxf6 Rxf6 26. Ne4 Rxf3 27. gxf3 Nxd4
28. Qc3 Ne2+ 29. Rxe2 Bxe2 30. Kd2 Qb2+ 31. Qxb2 Rxb2+ 32. Ke3 Ba6 33. Kf4 Bb7
34. Ke5 Bd5 35. Bd3 Rb3 36. Ba6 Rxa3 37. Bc8 Rxf3 38. Bxe6+ Bxe6 39. Kxe6 Bxc5
40. Nxc5 Rxf2 41. Kd7 Rf7+ 42. Kc6 Rf5 43. Ra1 h5 44. Rxa5 h4 45. Kxc7 h3 46.
Kd6 h2 47. Ra1 Rh5 48. Rh1 g5 49. Ke5 g4+ 50. Kf4 {Game drawn by mutual
agreement} 1/2-1/2

[Event "Team 45 45 League T27"]
[Site "Internet Chess Club"]
[Date "2005.07.11"]
[Round "4"]
[White "Frobert"]
[Black "PostMike"]
[Result "1/2-1/2"]
[WhiteElo "1583"]
[BlackElo "1512"]
[TimeControl "2700+45"]

1. e4 c5 2. Nf3 Nc6 3. d4 cxd4 4. Nxd4 g6 5. b3 Bg7 6. Bb2 Qb6 7. c3 Nf6 8. Nd2
O-O 9. Nc4 Qc7 10. Bd3 a6 11. a4 d5 12. Nd2 Rd8 13. Nxc6 Qxc6 14. Qc2 b5 15. O-O
Bb7 16. f3 dxe4 17. Nxe4 Nxe4 18. Bxe4 Qc5+ 19. Kh1 Bxe4 20. Qxe4 Bxc3 21. Bxc3
Qxc3 22. axb5 Qxb3 23. bxa6 Ra7 24. Rfb1 Qd3 25. Qxd3 Rxd3 26. h3 Rd6 27. Rb7
Raxa6 28. Rxa6 Rxa6 29. Rxe7 {Game drawn by mutual agreement} 1/2-1/2

[Event "Team 45 45 League T27"]
[Site "Internet Chess Club"]
[Date "2005.07.09"]
[Round "4"]
[White "chesskix"]
[Black "mrmarck"]
[Result "1-0"]
[WhiteElo "1498"]
[BlackElo "1452"]
[TimeControl "2700+45"]

1. d4 d5 2. c4 e6 3. Nc3 Nf6 4. Nf3 c5 5. cxd5 Nxd5 6. e4 Nxc3 7. bxc3 cxd4 8.
cxd4 Bb4+ 9. Bd2 Bxd2+ 10. Qxd2 O-O 11. Bc4 b6 12. O-O Bb7 13. Rfe1 Nd7 14. Rad1
Re8 15. Qf4 Qf6 16. Qg3 e5 17. dxe5 Nxe5 18. Nxe5 Rxe5 19. Rd7 Re7 20. Qc7 Rxd7
21. Qxd7 Bc6 22. Qc7 Qc3 23. Bxf7+ Kf8 24. Rd1 Qc2 25. Bb3 Qxe4 26. Qf7# {Black
checkmated} 1-0

[Event "Team 45 45 League T27"]
[Site "Internet Chess Club"]
[Date "2005.07.12"]
[Round "4"]
[White "bmw2002"]
[Black "tarheels"]
[Result "0-1"]
[WhiteElo "1567"]
[BlackElo "1773"]
[TimeControl "2700+45"]

1. c4 Nf6 2. Nc3 e6 3. g3 Bb4 4. Bg2 O-O 5. a3 Be7 6. d4 d5 7. cxd5 exd5 8. Bg5
c6 9. Nf3 Nbd7 10. O-O Nb6 11. b3 Nbd7 12. a4 a5 13. Qd3 Re8 14. Bd2 b6 15. Rac1
Bb4 16. Rfe1 Ba6 17. Qc2 Rc8 18. Na2 Ba3 19. Ra1 Bxe2 20. Rxe2 Rxe2 21. Nc3 Rxd2
22. Qxd2 Bb4 23. Qd3 c5 24. Nd2 cxd4 25. Nxd5 Nxd5 26. Bxd5 Nf6 27. Bc4 Qe7 28.
Nf3 Qe4 29. Qxe4 Nxe4 30. Rd1 Bc5 31. Ne5 Nd6 32. Bd5 Rc7 33. Nf3 Rd7 34. Nxd4
Nc8 35. Nf3 Kf8 36. Ne5 Rd8 37. Nxf7 Rxd5 38. Rxd5 Kxf7 39. Rd7+ Ne7 40. Kf1 Ke6
41. Rd8 Nc6 42. Ke2 Nxd8 {White resigns} 0-1

[Event "Team 45 45 League T27"]
[Site "Internet Chess Club"]
[Date "2005.07.12"]
[Round "4"]
[White "Mikey29a"]
[Black "e4ia"]
[Result "1/2-1/2"]
[WhiteElo "1659"]
[BlackElo "1564"]
[TimeControl "2700+45"]

1. e4 d5 2. exd5 Qxd5 3. Nc3 Qd6 4. d4 Nf6 5. Bb5+ c6 6. Be2 Bf5 7. Nf3 h6 8.
Be3 e6 9. O-O Nbd7 10. Qd2 Qc7 11. Nh4 Bh7 12. f4 O-O-O 13. f5 Nc5 14. Bf4 Qa5
15. Rfb1 Nce4 16. Nxe4 Qxd2 17. Nxd2 Rxd4 18. g3 Nd5 19. Ndf3 Rxf4 20. gxf4 Nxf4
21. Bd3 Bc5+ 22. Kf1 Nxd3 23. cxd3 g5 24. fxg6 fxg6 25. Rc1 Bd6 26. Ke2 g5 27.
Ng2 g4 28. Nd2 Bxh2 29. Ne4 h5 30. Rh1 g3 31. Nxg3 Bxg3 32. Kf3 Be5 {Game drawn
by mutual agreement} 1/2-1/2

[Event "Team 45 45 League T27"]
[Site "Internet Chess Club"]
[Date "2005.07.09"]
[Round "4"]
[White "GoIrish"]
[Black "ChessicStudent"]
[Result "0-1"]
[WhiteElo "1569"]
[BlackElo "1494"]
[TimeControl "2700+45"]

1. Nf3 d5 2. g3 c5 3. Bg2 Nc6 4. O-O e6 5. d3 Nf6 6. Nbd2 Be7 7. e4 O-O 8. e5
Nd7 9. Re1 b5 10. c3 Qb6 11. Nf1 Rb8 12. d4 cxd4 13. cxd4 Bb4 14. Bd2 Bxd2 15.
Qxd2 Bb7 16. Ne3 Ne7 17. Rac1 Rbc8 18. Ng4 Ng6 19. h4 h5 20. Ngh2 Ne7 21. Qg5
Nf5 22. Qd2 Rc4 23. Rxc4 bxc4 24. g4 hxg4 25. Nxg4 Nb8 26. Ne3 Ne7 27. Bh3 Nbc6
28. Nd1 Nb4 29. Kh2 Nd3 30. Rg1 Ng6 31. Qg5 Qd8 32. h5 Qxg5 33. Rxg5 Ngf4 34.
Nh4 Nxh3 35. Kxh3 Kh8 36. Ng2 Nb4 37. a3 Nc2 38. f4 Nxd4 39. Nde3 Nf3 40. Rg3
Nd4 41. Nd1 Nf5 42. Rc3 Rc8 43. Nh4 Nxh4 44. Kxh4 d4 45. Rg3 Be4 46. Nf2 Bf5 47.
Kg5 Rb8 48. h6 gxh6+ 49. Kxh6 Rxb2 50. Nd1 Rh2+ 51. Kg5 Bc2 52. Nb2 c3 53. Nc4
d3 54. Kf6 d2 55. Nd6 Rh6+ 56. Ke7 Bg6 57. Rxc3 d1=Q 58. Rc8+ Kh7 59. Kf6 Qh5
60. Ke7 Qh4+ 61. Kf8 f5 62. Rc7+ Kh8 63. Nb7 Rh7 64. Rc6 Qe7# {White checkmated}
0-1

[Event "Team 45 45 League T27"]
[Site "Internet Chess Club"]
[Date "2005.07.12"]
[Round "4"]
[White "Invicta-Knight"]
[Black "TheBrewer"]
[Result "1-0"]
[WhiteElo "1486"]
[BlackElo "1571"]
[TimeControl "2700+45"]

1. e4 e6 2. d4 d5 3. Nc3 dxe4 4. Nxe4 Bd7 5. Nf3 Bc6 6. Bd3 Nd7 7. c3 Be7 8. Bf4
Ngf6 9. Ned2 O-O 10. Nc4 b6 11. Nce5 Bb7 12. Qe2 Nxe5 13. dxe5 Nd5 14. Qe4 g6
15. Be2 Qc8 16. Qa4 Nxf4 17. Qxf4 Rd8 18. h4 Qd7 19. Ng5 Qe8 20. Bb5 Qf8 21. f3
Qh6 22. Qxf7+ Kh8 23. Qxe7 Rd5 24. Nf7+ {Black resigns} 1-0

[Event "Team 45 45 League T27"]
[Site "Internet Chess Club"]
[Date "2005.07.09"]
[Round "4"]
[White "houseofcook"]
[Black "Mississippian"]
[Result "0-1"]
[WhiteElo "1340"]
[BlackElo "1428"]
[TimeControl "2700+45"]

1. Nf3 c5 2. d3 b6 3. g3 Bb7 4. Bg2 d6 5. Nbd2 Nd7 6. O-O e6 7. e4 Be7 8. Re1 e5
9. Nc4 h6 10. a4 Ngf6 11. Bd2 O-O 12. Nh4 Qc7 13. Nf5 Rfe8 14. f4 Bf8 15. fxe5
Nxe5 16. Nxe5 dxe5 17. b3 Rad8 18. Kh1 Kh7 19. Qc1 Ng8 20. Bc3 g6 21. Ne3 h5 22.
Nc4 Bg7 23. Bd2 Ne7 24. Rf1 Kg8 25. Ra2 Nc6 26. Bh6 Nd4 27. Bxg7 Kxg7 28. Qg5
Qe7 29. Qxe7 Rxe7 30. c3 Nc6 31. Rd2 Ba6 32. Rf3 b5 33. axb5 Bxb5 34. Bf1 f6 35.
Ne3 a5 36. Nd5 Rf7 37. Rdf2 Rd6 38. c4 Ba6 39. h4 Nd4 40. Re3 Nxb3 41. Rb2 Nd4
42. Ra2 f5 43. Rxa5 fxe4 44. Bg2 exd3 45. Rxd3 Bxc4 46. Rc3 Bxd5 47. Raxc5 Bxg2+
48. Kxg2 e4 49. Rc7 Rf6 50. Rxf7+ Kxf7 51. Rc7+ Ke6 52. Rc4 Kd5 53. Ra4 e3 54.
Ra5+ Ke4 55. Ra1 Rf2+ 56. Kg1 Kf3 57. Ra3 Ne2+ 58. Kh1 Nxg3+ 59. Kg1 Rf1+ {White
resigns} 0-1

[Event "Team 45 45 League T27"]
[Site "Internet Chess Club"]
[Date "2005.07.11"]
[Round "4"]
[White "rgadoury"]
[Black "BosqueVerde"]
[Result "1-0"]
[WhiteElo "1391"]
[BlackElo "1196"]
[TimeControl "2700+45"]

1. d4 d5 2. g3 c6 3. Bg2 Nf6 4. Nd2 Bf5 5. c4 Nbd7 6. cxd5 cxd5 7. Ngf3 e6 8.
O-O Bd6 9. a3 a5 10. Nh4 Be4 11. Bxe4 Nxe4 12. Nxe4 dxe4 13. Ng2 O-O 14. e3 Nf6
15. Bd2 Qb6 16. b3 Rfd8 17. a4 Rac8 18. Bc1 e5 19. Ba3 Bb4 20. Bxb4 Qxb4 21. Rc1
Rc3 22. Rxc3 Qxc3 23. Qb1 Rd5 24. Rc1 exd4 25. Rxc3 dxc3 26. Nf4 Rd2 27. Qc1 h6
28. Qxc3 Rd1+ 29. Kg2 Ng4 30. Qc8+ Kh7 31. Qxg4 f5 32. Qxf5+ {Black resigns} 1-0

[Event "Team 45 45 League T27"]
[Site "Internet Chess Club"]
[Date "2005.07.12"]
[Round "4"]
[White "EyeAm"]
[Black "gatoruss"]
[Result "0-1"]
[WhiteElo "1239"]
[BlackElo "1255"]
[TimeControl "2700+45"]

1. e4 c5 2. c4 Nc6 3. Nc3 Nf6 4. Nf3 d6 5. d3 Bg4 6. Be2 Bxf3 7. Bxf3 Nd4 8. O-O
g6 9. Bd2 Bg7 10. Qa4+ Qd7 11. Qxd7+ Nxd7 12. Bg4 Ne5 13. Bd1 O-O 14. Be2 Nxe2+
15. Nxe2 Nxd3 16. Rab1 Nxb2 17. Nc3 Nxc4 18. Rxb7 Nxd2 {White resigns} 0-1

[Event "Team 45 45 League T27"]
[Site "Internet Chess Club"]
[Date "2005.07.08"]
[Round "4"]
[White "ihatepickles"]
[Black "jerry813"]
[Result "1-0"]
[WhiteElo "1196"]
[BlackElo "1123"]
[TimeControl "2700+45"]

1. d4 f5 2. g3 g6 3. Bg5 h6 4. Bf4 g5 5. Be5 Nf6 6. e4 d6 7. Bxf6 exf6 8. Qh5+
Ke7 9. exf5 Bxf5 10. Bh3 Qd7 11. Qe2+ Kd8 12. Bxf5 Qxf5 13. Nc3 Nc6 14. O-O-O
Kd7 15. d5 Ne5 16. Qb5+ Kd8 17. Qxb7 Rc8 18. Qxa7 Nc4 19. Nge2 Qxf2 20. Qxf2 Bg7
21. Nd4 Rg8 22. Nc6+ Ke8 23. Qf5 Ra8 24. Qe6+ {Black resigns} 1-0

[Event "Team 45 45 League T27"]
[Site "Internet Chess Club"]
[Date "2005.07.09"]
[Round "4"]
[White "fuzzface"]
[Black "wojozim"]
[Result "1/2-1/2"]
[WhiteElo "1342"]
[BlackElo "1472"]
[TimeControl "2700+45"]

1. e4 c5 2. c4 d6 3. h3 g6 4. Nc3 Bg7 5. Nf3 Nc6 6. d3 e6 7. Rb1 Nge7 8. Be2 O-O
9. O-O a6 10. Bd2 b5 11. b3 b4 12. Na4 Bb7 13. Qc1 Nd4 14. Nxd4 Bxd4 15. Be3 Nc6
16. Nb2 f5 17. Bg5 Qc7 18. Bf3 Be5 19. Bh6 Rf7 20. exf5 Nd4 21. Bg4 Rxf5 22. Qe1
Rf6 23. Bg5 Rf7 24. Be3 h5 25. f4 hxg4 26. fxe5 Nc2 27. Rxf7 Qxf7 28. Qe2 Nxe3
29. Qxe3 gxh3 30. Qxh3 dxe5 31. Rf1 Qe7 32. Rf2 Rf8 33. Rxf8+ Qxf8 34. Qxe6+
{Game drawn by mutual agreement} 1/2-1/2

[Event "Team 45 45 League T27"]
[Site "Internet Chess Club"]
[Date "2005.07.07"]
[Round "4"]
[White "WzeroMN"]
[Black "ffplayer"]
[Result "0-1"]
[WhiteElo "1172"]
[BlackElo "1148"]
[TimeControl "2700+45"]

1. e4 Nc6 2. Bb5 e6 3. d4 Nge7 4. Nf3 d5 5. e5 Bd7 6. O-O a6 7. Ba4 b5 8. Bb3
Ng8 9. a3 f6 10. Bf4 b4 11. Ba4 bxa3 12. Rxa3 Bxa3 13. Nxa3 Nce7 14. Bb3 Bb5 15.
Nxb5 axb5 16. Qe2 Rb8 17. Ra1 Qc8 18. c3 f5 19. Bc2 c5 20. Ra5 c4 21. Qd1 Ng6
22. Bd2 N8e7 23. Bg5 Nc6 24. Ra2 O-O 25. b4 cxb3 26. Bxb3 Ra8 27. Qd3 Rxa2 28.
Bxa2 b4 29. cxb4 Nxb4 {White resigns} 0-1

[Event "Team 45 45 League T27"]
[Site "Internet Chess Club"]
[Date "2005.07.11"]
[Round "4"]
[White "steve"]
[Black "Lug"]
[Result "0-1"]
[WhiteElo "1904"]
[BlackElo "1923"]
[TimeControl "2700+45"]

1. e4 e6 2. d4 c5 3. Nf3 cxd4 4. Nxd4 Nf6 5. Nc3 Nc6 6. Ndb5 Bb4 7. Bf4 O-O 8.
Bd6 Bxd6 9. Nxd6 a6 10. f4 Qb6 11. Qd2 Qxb2 12. Rb1 Qa3 13. Nc4 Qc5 14. e5 Nd5
15. Nxd5 exd5 16. Nd6 b5 17. Rb3 d4 18. Bd3 Nxe5 19. Ne4 Nxd3+ 20. Qxd3 Qd5 21.
Ng5 Re8+ 22. Kf2 f5 23. g4 Qxh1 24. Rb1 Qxh2+ {White resigns} 0-1

[Event "Team 45 45 League T27"]
[Site "Internet Chess Club"]
[Date "2005.07.08"]
[Round "4"]
[White "tarheels"]
[Black "Mislav"]
[Result "1-0"]
[WhiteElo "1748"]
[BlackElo "1867"]
[TimeControl "2700+45"]

1. e4 d6 2. d4 Nf6 3. Nc3 e5 4. dxe5 dxe5 5. Qxd8+ Kxd8 6. Bg5 Be6 7. O-O-O+ Nd7
8. Nf3 Kc8 9. Bb5 c6 10. Ba4 Bb4 11. Bxf6 gxf6 12. Bb3 Nc5 13. Nd2 Rg8 14. g3 h5
15. a3 Bxc3 16. bxc3 Bxb3 17. cxb3 Nd3+ 18. Kc2 Nxf2 19. Nc4 Nxh1 20. Rxh1 Kc7
21. Rf1 Rg6 22. Ne3 Kd6 23. Nf5+ Ke6 24. Rd1 Rd8 25. Rxd8 {Black resigns} 1-0

[Event "Team 45 45 League T27"]
[Site "Internet Chess Club"]
[Date "2005.07.08"]
[Round "4"]
[White "ears"]
[Black "nir8888"]
[Result "1/2-1/2"]
[WhiteElo "1688"]
[BlackElo "1679"]
[TimeControl "2700+45"]

1. e4 c6 2. d4 d5 3. Nc3 dxe4 4. Nxe4 Bf5 5. Ng3 Bg6 6. Nf3 e6 7. Ne5 Nd7 8.
Nxd7 Qxd7 9. h4 h6 10. h5 Bh7 11. Bd3 Qxd4 12. Be3 Qxb2 13. O-O Rd8 14. Rb1 Qxa2
15. Rxb7 Bxd3 16. cxd3 c5 17. Qf3 Ne7 18. Bxc5 Qd5 19. Qxd5 Nxd5 20. Bxa7 Be7
21. Rfb1 O-O 22. d4 Rc8 23. Ne4 Rc7 24. Rxc7 Nxc7 25. Rb7 Nd5 26. Nc3 Re8 27.
Nxd5 exd5 28. Rd7 f6 29. Rxd5 Kf7 30. Rd7 Ke6 31. Rb7 Rd8 32. Bc5 Bxc5 33. dxc5
Rg8 34. c6 Kd6 35. c7 Rc8 36. g4 Rxc7 37. Rxc7 Kxc7 38. f4 Kd6 39. Kf2 Kd5 40.
Ke3 Ke6 41. Ke4 f5+ 42. gxf5+ Kf6 43. Kf3 Kxf5 44. Kg3 Kf6 45. Kg4 g5 46. fxg5+
hxg5 47. h6 Kg6 48. h7 Kxh7 49. Kxg5 {Game drawn because neither player has
mating material} 1/2-1/2

[Event "Team 45 45 League T27"]
[Site "Internet Chess Club"]
[Date "2005.07.09"]
[Round "4"]
[White "Katzie"]
[Black "clarnibass"]
[Result "0-1"]
[WhiteElo "1549"]
[BlackElo "1679"]
[TimeControl "2700+45"]

1. e4 e6 2. d4 d5 3. e5 c5 4. c3 Bd7 5. Nf3 Nc6 6. Be2 Nge7 7. dxc5 Ng6 8. b4 a5
9. Bd2 Ncxe5 10. Nxe5 Nxe5 11. O-O b6 12. cxb6 axb4 13. b7 Rb8 14. cxb4 Rxb7 15.
Qb3 Be7 16. a4 Qb8 17. b5 O-O 18. Bf4 Bd6 19. Nc3 Rc8 20. a5 Nf3+ 21. gxf3 Bxf4
22. a6 Rb6 23. Na4 Rxa6 24. Qa3 Bxh2+ 25. Kh1 Bd6 26. Qb2 Be5 27. Qb1 Ra5 28.
Ra3 Bd6 29. Ra2 Be8 30. Kg2 Be7 31. Rh1 g6 32. Bd3 Bd8 33. Rh2 Qf4 34. Qa1 Bc7
35. Rh3 Rca8 36. b6 Bxb6 {White resigns} 0-1

[Event "Team 45 45 League T27"]
[Site "Internet Chess Club"]
[Date "2005.07.09"]
[Round "4"]
[White "gule"]
[Black "DTK"]
[Result "0-1"]
[WhiteElo "1872"]
[BlackElo "1943"]
[TimeControl "2700+45"]

1. d4 Nf6 2. c4 c5 3. d5 b5 4. cxb5 a6 5. bxa6 g6 6. Nf3 Bxa6 7. g3 Bg7 8. Bg2
d6 9. O-O Nbd7 10. Re1 O-O 11. Nc3 Ne8 12. Qc2 Nc7 13. e4 Nb5 14. Nxb5 Bxb5 15.
Bd2 Ba4 16. Qc1 Nb6 17. Bh6 e6 18. Bxg7 Kxg7 19. dxe6 fxe6 20. b3 Bb5 21. Qc3+
e5 22. Rad1 Qf6 23. Rd2 Nc8 24. Red1 Rf7 25. a4 Bc6 26. Ne1 Ra6 27. Nc2 Rb7 28.
b4 Bxa4 29. bxc5 dxc5 30. Qxc5 Rc6 31. Rd7+ Rxd7 32. Rxd7+ Kh8 33. Qd5 Rxc2 34.
Rd8+ Kg7 35. Qg8+ Kh6 36. Rf8 Rc1+ 37. Bf1 Qa6 38. Kg2 Qxf1+ 39. Kf3 Rc3+ 40.
Kg4 Bb3 41. Qh8 Be6+ 42. Rf5 Bxf5+ 43. exf5 Qd1+ 44. Kh4 Qh5# {White checkmated}
0-1

[Event "Team 45 45 League T27"]
[Site "Internet Chess Club"]
[Date "2005.07.09"]
[Round "4"]
[White "tourettes"]
[Black "knightstorm"]
[Result "1-0"]
[WhiteElo "1831"]
[BlackElo "1819"]
[TimeControl "2700+45"]

1. e4 g6 2. Nc3 Bg7 3. g3 d6 4. Bg2 Nc6 5. Nge2 e5 6. O-O Nge7 7. d3 O-O 8. Be3
h6 9. f4 f5 10. exf5 Bxf5 11. h3 Qc8 12. Kh2 Kh7 13. Qd2 Qd7 14. Rf2 Be6 15. d4
exd4 16. Nxd4 Nxd4 17. Bxd4 c6 18. Bxg7 Kxg7 19. Qd4+ Kf7 20. Ne4 d5 21. Nc5 Qc8
22. Re1 Nf5 23. Qb4 Re8 24. Rfe2 Bd7 25. Rxe8 Bxe8 26. Nxb7 Rb8 27. Nd6+ Nxd6
28. Qxd6 Rb7 29. b3 Qd7 30. Qe5 Kf8 31. Qf6+ Bf7 32. Bf1 Kg8 33. Bd3 Kh7 34. f5
g5 35. Qd4 Kg8 36. f6 Qd8 37. Qe5 Bh5 38. h4 Qc7 39. hxg5 Qxe5 40. Rxe5 Kf7 41.
gxh6 Kxf6 42. Rxh5 {Black resigns} 1-0

[Event "Team 45 45 League T27"]
[Site "Internet Chess Club"]
[Date "2005.07.10"]
[Round "4"]
[White "jazzyjoe"]
[Black "kingfischer57"]
[Result "1-0"]
[WhiteElo "1734"]
[BlackElo "1802"]
[TimeControl "2700+45"]

1. e4 e6 2. d4 d5 3. exd5 exd5 4. Nf3 Nf6 5. Bg5 Be7 6. Qe2 O-O 7. g3 Re8 8. Be3
Ng4 9. Bg2 Nxe3 10. fxe3 Nd7 11. O-O Nf6 12. Nbd2 Bg4 13. Qd3 c6 14. Ne5 Be6 15.
c3 Qb6 16. Rab1 Bd6 17. Ndf3 g6 18. Qe2 Bf5 19. Rbe1 Nd7 20. Nxd7 Bxd7 21. Ng5
Re7 22. Rf6 Bc7 23. e4 dxe4 24. Nxe4 Rae8 25. Qd2 Kg7 26. Rff1 f5 27. Nc5 Bc8
28. Rxe7+ Rxe7 29. Re1 Bd6 30. Rxe7+ Bxe7 31. b4 Qc7 32. Qe3 Qd6 33. a4 b6 34.
Nd3 Bd7 35. Qe5+ Kh6 36. Qxd6 Bxd6 37. Ne5 Bxe5 38. dxe5 Kg7 39. Kf2 Kf7 40. Ke3
Ke6 41. Kf4 h6 42. h4 c5 43. bxc5 bxc5 44. a5 Bb5 45. Bb7 Bd7 46. a6 Bb5 47.
Bc8+ Kd5 48. e6 Kd6 49. h5 Be8 50. hxg6 Bxg6 51. Bd7 Bh7 52. g4 fxg4 53. Kxg4
Bg6 54. Kf4 Bd3 55. Bc8 Bc4 56. Kf5 Ke7 57. Kg6 Bxe6 58. Bb7 Kd6 59. Kxh6 Ke5
60. Kg5 Bd5 61. Kg4 Ke4 62. c4 Kd4 63. Bxd5 Ke5 64. Kf3 Kd4 65. Kf4 Kc3 66. Ke5
Kb4 67. Kd6 {Black resigns} 1-0

[Event "Team 45 45 League T27"]
[Site "Internet Chess Club"]
[Date "2005.07.09"]
[Round "4"]
[White "crankn8tr"]
[Black "hansolo1000"]
[Result "0-1"]
[WhiteElo "1545"]
[BlackElo "1566"]
[TimeControl "2700+45"]

1. e4 c5 2. Nf3 d6 3. d4 cxd4 4. Nxd4 Nf6 5. Nc3 a6 6. Be3 e5 7. Nb3 Be6 8. f3
b5 9. g4 h6 10. Qd2 Nbd7 11. g5 hxg5 12. Bxg5 Be7 13. O-O-O b4 14. Nd5 Nxd5 15.
Bxe7 Nxe7 16. Qxd6 Qb6 17. Qd2 Rd8 18. f4 exf4 19. Qxf4 Ng6 20. Qd2 O-O 21. Qg5
Nf6 22. Bd3 a5 23. Nc5 Bc8 24. Bc4 Rxd1+ 25. Rxd1 Nh7 26. Qd5 Nf6 27. Qd4 Qc7
28. Rd2 Qe5 29. Bb3 Qxd4 30. Rxd4 Nf4 31. Kd2 Re8 32. Ba4 Re5 33. Rd8+ Kh7 34.
Rxc8 Rxc5 35. Rxc5 Nxe4+ 36. Ke3 Nxc5 37. Kxf4 Nxa4 38. Ke4 Nxb2 39. Kd4 Na4 40.
Kc4 Nc3 41. a4 Kg6 {White resigns} 0-1

[Event "Team 45 45 League T27"]
[Site "Internet Chess Club"]
[Date "2005.07.08"]
[Round "4"]
[White "Schach-Prinz"]
[Black "jientho"]
[Result "0-1"]
[WhiteElo "1269"]
[BlackElo "1313"]
[TimeControl "2700+45"]

1. d4 Nf6 2. Bf4 d5 3. Nf3 c5 4. e3 Qb6 5. b3 Nc6 6. Be2 Bg4 7. a4 Bxf3 8. Bxf3
cxd4 9. exd4 Nxd4 10. Be3 e5 11. O-O Bc5 12. Nd2 O-O 13. Re1 e4 14. Be2 Nf5 15.
Bxc5 Qxc5 16. Nf1 Rfe8 17. Bb5 Re5 18. Ne3 Nd4 19. Bf1 Rg5 20. Rc1 Nf3+ 21. Kh1
Nxe1 22. Qxe1 d4 23. b4 Qe5 24. Nc4 Qf4 25. g3 Qf3+ 26. Bg2 Qf5 27. Nd6 Qd7 28.
Nxe4 Nxe4 29. Qxe4 Re8 30. Qf3 Qxa4 31. Qxb7 Rb5 32. Qc6 Rd8 33. Re1 Kf8 34. Bf1
Qxb4 35. Bxb5 Qxe1+ 36. Kg2 Qe6 37. Qc5+ Qd6 38. Qxa7 Qd5+ 39. f3 Qxb5 40. Qa3+
Ke8 41. Qc1 Qe2+ 42. Kg1 Qe3+ 43. Qxe3+ dxe3 44. Kf1 Rd2 45. Ke1 Rxc2 46. Kd1
Rxh2 47. Ke1 Kd7 48. f4 Rg2 49. f5 Kd6 50. f6 gxf6 51. g4 Ke5 52. g5 fxg5 53.
Kf1 Ra2 54. Ke1 Ke4 55. Kf1 Kf3 56. Ke1 Ra1# {White checkmated} 0-1

[Event "Team 45 45 League T27"]
[Site "Internet Chess Club"]
[Date "2005.07.10"]
[Round "4"]
[White "hotzoddy"]
[Black "peterchess007"]
[Result "1-0"]
[WhiteElo "1247"]
[BlackElo "1129"]
[TimeControl "2700+45"]

1. e4 e5 2. Nf3 Nc6 3. Nc3 Bc5 4. Bb5 a6 5. Bxc6 dxc6 6. O-O f6 7. d3 Bg4 8. Re1
Ne7 9. Be3 Bd4 10. Bxd4 exd4 11. Nb1 Qd6 12. Nbd2 b5 13. h3 Bh5 14. Nb3 O-O 15.
Qe2 a5 16. e5 fxe5 17. Qxe5 Qxe5 18. Nxe5 Nd5 19. Nxd4 c5 20. Nxb5 Rab8 21. Nd7
Rfd8 22. Nxb8 Rxb8 23. Nc3 Nb4 24. Rac1 Rd8 25. a3 Nc6 26. Nb5 Ra8 27. Nxc7 a4
28. Nxa8 Nd4 29. Kf1 Bf7 30. Re4 Nc6 31. Rce1 Kf8 32. Nc7 Nb8 33. Ne6+ Kg8 34.
Nd8 Nd7 35. Nxf7 Nf6 36. Re7 Kf8 37. Nd6 h6 38. Rf7+ Kg8 39. Ree7 Nd5 40. Re8+
Kh7 41. Nf5 Kg6 42. Nd6 Kh7 43. b3 axb3 44. cxb3 Kg6 45. a4 Kh7 46. a5 Kg6 47.
a6 Nb6 48. Re6+ Kh7 49. Ne8 Nd5 50. Rxg7+ Kh8 51. Rxh6# {Black checkmated} 1-0

[Event "Team 45 45 League T27"]
[Site "Internet Chess Club"]
[Date "2005.07.07"]
[Round "4"]
[White "NineMilly"]
[Black "Knight-Rookie"]
[Result "1/2-1/2"]
[WhiteElo "1201"]
[BlackElo "1277"]
[TimeControl "2700+45"]

1. e4 e5 2. d4 exd4 3. Qxd4 c5 4. Qd3 Nc6 5. c4 d6 6. h3 Nf6 7. Be2 g6 8. Bg5
Bg7 9. Nf3 O-O 10. Nc3 Nb4 11. Qd1 Re8 12. O-O Qd7 13. Nd2 b6 14. Bxf6 Bxf6 15.
Bg4 Qb7 16. Bf3 Be5 17. a3 Nd3 18. Qc2 Nf4 19. Nd5 Nxd5 20. cxd5 f5 21. Rfe1 Qf7
22. Re3 fxe4 23. Nxe4 Bf5 24. Rae1 Kg7 25. Qa4 Bd7 26. Qb3 b5 27. Ng5 Qg8 28.
Ne4 c4 29. Qb4 a5 30. Qd2 Bf4 31. Nxd6 Rxe3 32. Rxe3 Bxd6 33. Qd4+ Kf8 34. Qf6+
Qf7 35. Qh8+ Qg8 36. Qf6+ Qf7 {Game drawn by mutual agreement} 1/2-1/2

[Event "Team 45 45 League T27"]
[Site "Internet Chess Club"]
[Date "2005.07.12"]
[Round "4"]
[White "slakkjaw"]
[Black "mwm913"]
[Result "0-1"]
[WhiteElo "1140"]
[BlackElo "1123"]
[TimeControl "2700+45"]

1. e4 e5 2. Nf3 Nc6 3. Bc4 Qe7 4. a3 Nf6 5. d3 g6 6. h3 Bg7 7. Nc3 O-O 8. Bg5
Qe8 9. Nd5 Nxd5 10. Bxd5 Ne7 11. Bb3 Nc6 12. Qd2 d6 13. g4 Be6 14. c4 Qd7 15.
Bh6 f6 16. d4 exd4 17. Bxg7 Qxg7 18. Nxd4 Nxd4 19. Qxd4 b6 20. Qe3 Rae8 21.
O-O-O Qf7 22. Ba4 Rd8 23. b3 c5 24. f4 Bd7 25. Bxd7 Rxd7 26. f5 Re8 27. Qc3 Rxe4
28. fxg6 Qxg6 29. Rdf1 Rd4 30. g5 Qxg5+ 31. Kb1 Qg6+ 32. Ka1 Qd3 33. Rhg1+ Rg7
34. Qe1 Re4 35. Qc1 Qc3+ 36. Qxc3 Re6 37. Rxf6 Rxg1+ 38. Qc1 Rxc1+ 39. Kb2 Rxf6
40. Kxc1 Rf3 41. b4 Rxa3 {White resigns} 0-1